 Dungeon Crawl Stone Soup version 0.26.0-20-g3ca415f5b8 (webtiles) character file.

Game seed: 3920474252788984558

2462 hawla the Conjurer (level 9, 0/64 HPs)
             Began as a Black Draconian Conjurer on Jan 25, 2021.
             Was a Follower of Ashenzari.
             Slain by a troll (3 damage)
             ... on level 7 of the Dungeon.
             The game lasted 00:22:16 (10067 turns).

hawla the Conjurer (Black Draconian Conjurer)      Turns: 10067, Time: 00:22:17

Health: 0/64       AC: 11    Str: 10    XL:     9   Next: 26%
Magic:  2/17       EV: 12    Int: 22    God:    Ashenzari [*.....]
Gold:   332        SH:  0    Dex: 11    Spells: 12/19 levels left

rFire    . . .     SeeInvis +   k - +3 quarterstaff (chaos)
rCold    + . .     Faith    .   (shield currently unavailable)
rNeg     . . .     Spirit   .   (armour unavailable)
rPois    .         Reflect  .   f - +1 hat
rElec    +         Harm     .   l - +0 cloak
rCorr    .         Rampage  .   e - +1 pair of gloves
Will     +....                  (no boots)
Stlth    ++........             d - amulet of Fedhas's Pride {+Blink rC+ Regen+ Dex+2 SInv}
HPRegen  0.60/turn              w - ring of willpower
MPRegen  0.15/turn              (no ring)

@: lethally poisoned (0 -> -1), very slightly contaminated
A: breathe lightning, unfitting armour, electricity resistance, cold-blooded, AC
+7
a: Breathe Lightning, Renounce Religion, Evoke Blink, Curse Item, Scrying


You were on level 7 of the Dungeon.
You worshipped Ashenzari.
Ashenzari was aware of your devotion.
You visited 2 branches of the dungeon, and saw 8 of its levels.
You also visited: Sewer.

You collected 332 gold pieces.

Inventory:

Hand Weapons
 k - a +3 quarterstaff of chaos (weapon)
Missiles
 n - 7 boomerangs (quivered)
Armour
 e - a +1 pair of gloves (worn)
 f - a +1 hat (worn)
 l - a +0 cloak (worn)
Jewellery
 d - the amulet of Fedhas's Pride (around neck) {+Blink rC+ Regen+ Dex+2 SInv}
   (You found it on level 6 of the Dungeon)

   [amulet of regeneration]

   It affects your dexterity (+2).
   It protects you from cold.
   It lets you see invisible.
   It lets you blink.
   It increases your rate of regeneration.
 m - an uncursed amulet of regeneration
 w - a ring of willpower (left hand)
Wands
 a - a wand of paralysis (10)
 p - a wand of disintegration (14)
Scrolls
 c - 4 scrolls of identify
 g - a scroll of teleportation
 i - 2 scrolls of magic mapping
 j - 2 scrolls of remove curse
Potions
 b - 3 potions of curing
 h - 2 potions of heal wounds
 q - a potion of flight


   Skills:
 - Level 1.0 Fighting
 + Level 4.6 Staves
 - Level 2.0 Dodging
 - Level 2.0 Stealth
 - Level 4.0 Shields
 + Level 5.9 Spellcasting
 - Level 7.2 Conjurations
 - Level 5.9 Translocations


You had 12 spell levels left.
You knew the following spells:

 Your Spells              Type           Power        Failure   Level
a - Magic Dart            Conj           100%         1%          1
b - Searing Ray           Conj           76%          1%          2
c - Iskenderun's Mystic   Conj/Tloc      35%          6%          4

Your spell library contained the following spells:

 Spells                   Type           Power        Failure   Level
 Dazzling Flash           Conj/Hex       44%          6%          3
 Fulminant Prism          Conj/Hex       11%          21%         4


Dungeon Overview and Level Annotations

Branches:
Dungeon (7/15)             Temple (1/1) D:5           Sewer (visited)

Altars:
Ashenzari
Cheibriados
Dithmenos
Elyvilon
Fedhas
Gozag
Hepliaklqana
Kikubaaqudgha
Makhleb
Nemelex Xobeh
Okawaru
Qazlal
Ru
Sif Muna
Trog
Uskayaw
Vehumet
Wu Jian
Xom
Yredelemnul
Zin
The Shining One

Shops:
D:4 [

Annotations:
D:2 Robin


Innate Abilities, Weirdness & Mutations

You can breathe wild blasts of lightning.
Your glossy black scales are hard. (AC +7)
You cannot fit into any form of body armour.
You are resistant to electric shocks. (rElec)
You are cold-blooded and may be slowed by cold attacks.


Message History

The troll claws you.
* * * LOW HITPOINT WARNING * * *
You feel much better.
You feel sick. The troll bites you! The troll closely misses you. x2
You hit the troll. You burn the troll. You tail-slap the troll.
The troll is heavily wounded.
The troll bites you!
* * * LOW HITPOINT WARNING * * *
The troll claws you but does no damage. The troll barely misses you.
An ogre comes into view. It is wielding a +0 giant club.
You feel much better.
You feel sick. The troll bites you! The troll claws you!
* * * LOW HITPOINT WARNING * * *
The troll claws you but does no damage.
You feel sick. The troll bites you!
* * * LOW HITPOINT WARNING * * *
The troll misses you. The troll barely misses you.
You feel much better. The troll bites you!
* * * LOW HITPOINT WARNING * * *
The troll claws you.
You die...

+.....##.>...# #.#
#.....##.....####.##
#.....##......#....#
#####.....##......#....#
..................#....#
..................#....#
......†..O.......##...##
##.?T..##.....##...##
#..@..##.....##....'
#.....##.....##....#
.........#...........#
...........#.....##...##
...........#)....##'####
############)....##.....
#.......#>)...##.....
#.....).'......#.....
#.......#......#.....


You could see a troll and an ogre.

Vanquished Creatures
  Grinder (D:3)
  An orc warrior (D:6)
  An ice beast (D:6)
  A sky beast (D:5)
  A hornet zombie (D:4)
  4 centaurs
  4 ogres
  A bullfrog (D:6)
  3 scorpions
  6 killer bees (D:7)
  Crazy Yiuf (D:2)
  An orc priest (D:4)
  A centaur skeleton (D:3)
  2 hounds
  2 orc wizards (D:7)
  2 iguanas (D:4)
  4 worker ants
  2 hound skeletons
  4 gnolls (D:6)
  A howler monkey skeleton (D:4)
  14 adders
  9 river rats
  2 shadow imps
  3 oozes
  3 adder skeletons
  A dart slug (D:1)
  4 leopard geckos
  16 orcs
  5 giant cockroaches
  6 goblins
  7 hobgoblins
  3 jackals (D:1)
  25 kobolds
  3 quokkas
  3 ball pythons
  4 bats
  9 frilled lizards
  2 jackal skeletons
  24 rats
186 creatures vanquished.

Vanquished Creatures (others)
  12 fungi (D:6)
12 creatures vanquished.

Grand Total: 198 creatures vanquished

Notes
Turn   | Place    | Note
-------+----------+-------------------------------------------
     0 | D:1      | hawla the Draconian Conjurer began the quest for the Orb.
     0 | D:1      | Reached XP level 1. HP: 14/14 MP: 3/3
   264 | D:1      | Found a broken altar of Ashenzari.
   352 | D:1      | Reached skill level 1 in Fighting
   352 | D:1      | Reached XP level 2. HP: 23/23 MP: 3/5
   946 | D:1      | Reached XP level 3. HP: 28/28 MP: 5/7
   949 | D:1      | Learned a level 2 spell: Searing Ray
  1508 | D:1      | Became a worshipper of Ashenzari the Shackled
  1934 | D:2      | Reached XP level 4. HP: 35/35 MP: 3/9
  1939 | D:2      | Learned a level 4 spell: Iskenderun's Mystic Blast
  2285 | D:2      | Found a runed translucent door.
  2286 | D:2      | Noticed Crazy Yiuf
  2470 | D:2      | Noticed Robin
  2625 | D:2      | Reached skill level 1 in Translocations
  3163 | D:2      | Killed Crazy Yiuf
  3164 | D:2      | Reached XP level 5. HP: 8/40 MP: 0/10
  3483 | D:3      | Reached * piety under Ashenzari
  3503 | D:3      | Noticed Grinder
  3512 | D:3      | Paralysed by Grinder for 7 turns
  3519 | D:3      | Killed Grinder
  3520 | D:3      | Reached skill level 1 in Staves
  3520 | D:3      | Reached skill level 5 in Conjurations
  3520 | D:3      | Reached XP level 6. HP: 15/47 MP: 0/12
  4915 | D:4      | Reached skill level 1 in Shields
  4915 | D:4      | Your scales start taking on a glossy black colour.
  4915 | D:4      | Reached XP level 7. HP: 42/52 MP: 2/13
  4915 | D:4      | Gained mutation: You are resistant to electric shocks.
                  | (rElec) [Black Draconian growth]
  5731 | D:4      | Found Seskutom's Armour Emporium.
  5875 | D:5      | Entered Level 5 of the Dungeon
  5925 | D:5      | Found a staircase to the Ecumenical Temple.
  5955 | D:5      | Found a glowing drain.
  5965 | Sewer    | Entered a sewer
  6014 | Sewer    | Reached skill level 6 in Conjurations
  6283 | Sewer    | Reached XP level 8. HP: 16/59 MP: 4/14
  7440 | D:5      | Found a shimmering blue altar of Sif Muna.
  7688 | Temple   | Entered the Ecumenical Temple
  7928 | D:6      | Reached skill level 5 in Translocations
  8041 | D:6      | Reached skill level 5 in Spellcasting
  8674 | D:6      | Identified the amulet of Fedhas's Pride {+Blink rC+ Regen+
                  | Dex+2 SInv}
  8692 | D:6      | Reached skill level 7 in Conjurations
  9401 | D:6      | Reached XP level 9. HP: 64/64 MP: 11/16
 10053 | D:7      | Noticed a troll
 10066 | D:7      | HP: 2/64 [troll (9)]
 10067 | D:7      | Slain by a troll

Illustrated notes

Levels and vault maps discovered:
D:1:      minmay_arrival_stair_chambers, layout_basic,
          nicolae_ashenzari_panopticon
D:2:      layout_loops_corners, uniq_robin, uniq_crazy_yiuf_cottage
D:3:      layout_basic, small_statue_intersection, uniq_grinder
D:4:      layout_loops_ring, serial_shops, shop, kennysheep_donut,
          kennysheep_small_square
D:5:      layout_rooms, kennysheep_mini_moat, minmay_temple_entry_glassed_door,
          gup_sewer_entry_glass, kennysheep_generic_room_15
D:6:      layout_loops_corners, serial_aquarium, aquarium_bridge_square
          [aquarium_subvault_wall, aquarium_subvault_wall,
          aquarium_subvault_bridge, aquarium_subvault_bridge],
          aquarium_bridge_square [aquarium_subvault_wall,
          aquarium_subvault_bridge, aquarium_subvault_bridge,
          aquarium_subvault_wall], aquarium_window_corridor_1,
          aquarium_window_fake, aquarium_view_2a, aquarium_balcony_3a,
          aquarium_pool_1
D:7:      layout_gridville
Temple:   compressed_dpeg_circular_temple

Skill      XL: |  1  2  3  4  5  6  7  8  9 |
---------------+----------------------------+-----
Stealth        | 2 |  2.0
Dodging        | 2 |  2.0
Fighting       | 1 |  1.0
Spellcasting   | 3 4 5 |  5.9
Translocations | 1 2 3 4 5 |  5.9
Staves         | 1 2 3 4 |  4.6
Conjurations   | 5 6 7 |  7.2
Shields        | 1 2 4 |  4.0

Action                   |  1- 3 |  4- 6 |  7- 9 || total
-------------------------+-------+-------+-------++-------
Melee: Unarmed           |    45 |    10 |       ||    55
       Tailslap          |     6 |     3 |     3 ||    12
       Quarterstaff      |       |    21 |    92 ||   113
 Cast: Magic Dart        |    44 |    50 |    65 ||   159
       Searing Ray       |     8 |    27 |    55 ||    90
       Iskenderun's Myst |       |     2 |    11 ||    13
  Use: Scroll            |     4 |     3 |    10 ||    17
       Potion            |       |     5 |     7 ||    12
 Stab: Invisible         |       |     2 |       ||     2
       Paralysed         |       |     2 |       ||     2
Armor: Skin              |    22 |    22 |   108 ||   152
Dodge: Dodged            |    38 |    35 |   143 ||   216
